 Dungeon Sprint DCSS version 0.28-a0-71-g84acfa7270 (webtiles) character file.

Game seed: 9315359282916777488

492 Zeldest the Ruffian (level 7, -8/39 HPs)
             Began as a Vine Stalker Transmuter on Aug 2, 2021.
             Was a Follower of Cheibriados.
             Shot with an arrow by a centaur (10 damage)
             ... in the Dungeon (Sprint IX: "|||||||||||||||||||||||||||||").
             The game lasted 00:01:21 (104 turns).

Zeldest the Ruffian (Vine Stalker Transmuter)        Turns: 104, Time: 00:01:21

Health: -8/39      AC:  2    Str: 23    XL:     7   Next: 14%
Magic:  0/18       EV: 14    Int: 15    God:    Cheibriados [*.....]
Gold:   0          SH:  0    Dex: 16    Spells: 16/19 levels left

rFire   . . .      SeeInvis .     - Unarmed
rCold   . . .      Faith    .   (no shield)
rNeg    . . .      Spirit   +   a - +0 robe
rPois   .          Reflect  .   (helmet currently unavailable)
rElec   .          Harm     .   (no cloak)
rCorr   .          Rampage  .   (no gloves)
Will    .....      NoTele   +   (boots currently unavailable)
Stlth   +.........              (no amulet)
HPRegen 1.13/turn               i - +3 ring of strength
MPRegen 0.16/turn               j - +3 ring of strength

@: appendages, wereblooded, very slightly contaminated, invisible, very slow
A: horns 2, talons 2, fangs 2, regeneration 1, magic shield, antimagic bite, no
potion heal 2
a: End Transformation, Renounce Religion, Bend Time


You were in the Dungeon.
You worshipped Cheibriados.
Cheibriados was aware of your devotion.
You had temporarily grown beastly horns and talons.
You visited 1 branch

Inventory:

Armour
 a - a +0 robe (worn)
 h - a +0 pair of boots (melded)
Jewellery
 i - a +3 ring of strength (left hand)
 j - a +3 ring of strength (right hand)
Wands
 g - a wand of iceblast (10)
Scrolls
 e - 2 scrolls of amnesia
 f - 2 scrolls of blinking
Potions
 b - 5 potions of curing
 d - 4 potions of magic


   Skills:
 + Level 5.8 Fighting
 + Level 5.5 Dodging
 + Level 7.0 Unarmed Combat
 + Level 6.8 Spellcasting
 + Level 6.7 Transmutations
 + Level 3.8 Invocations


You had 16 spell levels left.
You knew the following spells:

 Your Spells              Type           Power      Damage    Failure   Level
a - Beastly Appendage     Tmut           50%        N/A       1%          1
b - Wereblood             Tmut           25%        N/A       1%          2

Your spell library contained the following spells:

 Spells                   Type           Power      Damage    Failure   Level
 Spider Form              Tmut/Pois      7%         N/A       11%         3
 Ice Form                 Ice/Tmut       15%        N/A       34%         4


Dungeon Overview and Level Annotations

Branches:
Dungeon (1/1)

Altars:
Cheibriados
Dithmenos
Elyvilon
Fedhas
Gozag
Hepliaklqana
Kikubaaqudgha
Makhleb
Nemelex Xobeh
Okawaru
Qazlal
Ru
Sif Muna
Trog
Uskayaw
Vehumet
Wu Jian
Xom
Yredelemnul
Zin
The Shining One
Beogh
Jiyva
Lugonu


Innate Abilities, Weirdness & Mutations

You have temporarily grown beastly horns and talons.
You have extremely sharp teeth.
Your natural rate of healing is unusually fast.
When hurt, damage is shared between your health and your magic reserves.
Your bite disrupts and absorbs the magic of your enemies.
Potions cannot restore your health.


Message History

You hit the troll. Your kick misses the troll. You headbutt the troll.
You bite the troll. You drain its power.
You feel invigorated.
The troll is moderately wounded.
The troll bites you. The troll misses you. The troll claws you.
You barely miss the troll. Your kick misses the troll. You headbutt the troll!
The troll is heavily wounded.
The troll closely misses you. The troll claws you. x2
The wyvern hisses angrily.
You punch the troll!
The troll is severely wounded.
The troll bites you! The troll barely misses you. The troll claws you.
You punch the troll! You claw the troll, but do no damage.
You headbutt the troll.
You feel a bit better.
You kill the troll!
Cheibriados thoroughly appreciates the change of pace.
Cheibriados is now slowing the effects of poison on you.
Cheibriados raises the support of your attributes as your movement slows.
The centaur wields a +0 shortbow.
The centaur shoots an arrow.
The arrow barely misses the wyvern.
The arrow hits you!
The wyvern hisses angrily.
Your Dodging skill increases to level 5!
Your Unarmed Combat skill increases to level 7!
Your Transmutations skill increases to level 6!
Your Invocations skill gained 2 levels and is now at level 3!
You have reached level 7!
You closely miss the wyvern. You headbutt the wyvern!
The wyvern is moderately wounded.
The wyvern closely misses you.
The centaur shoots an arrow.
The arrow barely misses the wyvern.
The arrow hits you!
* * * LOW HITPOINT WARNING * * *
The wyvern bites you!
* * * LOW HITPOINT WARNING * * *
You closely miss the wyvern.
The wyvern is moderately wounded.
You howl as the wereblood boils in your veins!
The centaur wields a +0 shortbow.
The centaur shoots an arrow.
The arrow hits the centaur.
The wyvern barely misses you.
The centaur shoots an arrow.
The arrow barely misses the wyvern.
The arrow hits you!
You die... ▓▓▓▓▓▓▓▓▓▓▓▓▓▓▓▓▓▓▓▓▓▓▓▓ _______'!.)..[[.@lc.cZ.. ▓▓▓▓▓▓▓▓▓▓▓▓▓▓▓▓▓▓▓▓▓▓▓▓

You could see a wyvern, 2 centaurs and a bat zombie (wandering).

Vanquished Creatures
  A troll (D)
  A sky beast (D)
  An ogre (D)
  A centaur (D)
  2 adders (D)
  An endoplasm (D)
  A giant cockroach (D)
  A quokka (D)
  A ball python (D)
  2 rats (D)
12 creatures vanquished.

Notes
Turn   | Place    | Note
-------+----------+-------------------------------------------
     0 | D        | Zeldest the Vine Stalker Transmuter began the quest for the
                  | Orb.
     0 | D        | Reached XP level 1. HP: 9/9 MP: 4/4
     7 | D        | Reached skill level 1 in Fighting
    24 | D        | Noticed a sky beast
    24 | D        | Noticed an ogre
    26 | D        | Killed a sky beast
    27 | D        | Reached skill level 4 in Unarmed Combat
    27 | D        | Reached XP level 2. HP: 16/16 MP: 2/8
    27 | D        | Reached XP level 3. HP: 20/20 MP: 2/9
    27 | D        | Gained mutation: Your natural rate of healing is unusually
                  | fast. [Vine Stalker growth]
    27 | D        | Reached XP level 4. HP: 24/24 MP: 2/11
    31 | D        | Killed an ogre
    32 | D        | Reached skill level 5 in Unarmed Combat
    32 | D        | Reached skill level 5 in Spellcasting
    32 | D        | Reached skill level 5 in Transmutations
    32 | D        | Reached XP level 5. HP: 30/30 MP: 10/13
    40 | D        | Found a snail-covered altar of Cheibriados.
    40 | D        | Found a shadowy altar of Dithmenos.
    40 | D        | Found a white marble altar of Elyvilon.
    40 | D        | Found a blossoming altar of Fedhas.
    40 | D        | Found an opulent altar of Gozag.
    41 | D        | Found a hazy altar of Hepliaklqana.
    42 | D        | Found a viscous altar of Jiyva.
    43 | D        | Found an ancient bone altar of Kikubaaqudgha.
    44 | D        | Became a worshipper of Cheibriados the Contemplative
    45 | D        | Found a corrupted altar of Lugonu.
    46 | D        | Found a burning altar of Makhleb.
    47 | D        | Found a sparkling altar of Nemelex Xobeh.
    48 | D        | Found an iron altar of Okawaru.
    49 | D        | Found a stormy altar of Qazlal.
    50 | D        | Found a sacrificial altar of Ru.
    51 | D        | Found a shimmering blue altar of Sif Muna.
    52 | D        | Found a bloodstained altar of Trog.
    53 | D        | Found a hide-covered altar of Uskayaw.
    54 | D        | Found a radiant altar of Vehumet.
    55 | D        | Found an ornate altar of the Wu Jian Council.
    56 | D        | Found a shimmering altar of Xom.
    57 | D        | Found a basalt altar of Yredelemnul.
    58 | D        | Found a glowing silver altar of Zin.
    59 | D        | Found a glowing golden altar of the Shining One.
    94 | D        | Learned a level 2 spell: Wereblood
    96 | D        | Noticed a centaur
    96 | D        | Noticed a troll
    96 | D        | Noticed a wyvern
    96 | D        | Noticed a centaur
    96 | D        | Noticed a centaur
    98 | D        | Killed a centaur
    99 | D        | Reached skill level 5 in Fighting
    99 | D        | Reached skill level 6 in Unarmed Combat
    99 | D        | Reached skill level 1 in Invocations
    99 | D        | Reached XP level 6. HP: 35/35 MP: 12/16
   102 | D        | Killed a troll
   102 | D        | Reached * piety under Cheibriados
   103 | D        | Reached skill level 5 in Dodging
   103 | D        | Reached skill level 7 in Unarmed Combat
   103 | D        | Reached XP level 7. HP: 20/39 MP: 7/18
   103 | D        | HP: 1/39 [wyvern (9)]
   104 | D        | Shot with an arrow by a centaur

Illustrated notes

Levels and vault maps discovered:
D:        linesprint [early_d, line_temple, items_1, d_10, items_2, lair_1,
          lair_end, items_3, orc_1, orc_end, items_4, d_15, swamp_1, shoals_1,
          snake_1, spider_1, d_20, vaults_1, items_5, swamp_end, shoals_end,
          snake_end, spider_end, vaults_end, d_27, items_6, zot_1, zot_end,
          crypt_end, forest_end, elf_end, slime_end, tomb_end, abyss_end,
          pan_hell_end]

Skill      XL: |  1  2  3  4  5  6 |
---------------+-------------------+-----
Fighting       | 3 4 5 |  5.8
Dodging        | 3 4 5 |  5.5
Unarmed Combat | 4 5 6 7 |  7.0
Spellcasting   | 4 5 6 |  6.8
Transmutations | 4 5 6 |  6.7
Invocations    | 1 3 |  3.8

Action                   |  1- 3 |  4- 6 |  7- 9 || total
-------------------------+-------+-------+-------++-------
Melee: Unarmed           |    10 |    13 |     2 ||    25
       Headbutt          |     4 |     5 |     1 ||    10
       Kick              |     3 |     3 |       ||     6
       Bite              |       |     4 |       ||     4
       Punch             |       |     1 |       ||     1
 Cast: Beastly Appendage |     2 |     1 |       ||     3
       Wereblood         |       |     1 |       ||     1
  Use: Potion            |     2 |     1 |       ||     3
 Stab: Sleeping          |     1 |       |       ||     1
Armor: Robe              |       |     1 |       ||     1
Dodge: Dodged            |     3 |     5 |     2 ||    10

Table legend: (Time is in decaauts)
 A = Elapsed time spent in this place.
 B = Non-inter-level travel time spent in this place.
 C = Inter-level travel time spent in this place.
 D = Time resting spent in this place.
 E = Time spent auto-exploring this place.
 F = Levels seen in this place.
 G = Mean time per level.
                   A        B        C        D        E       F      G
               +--------+--------+--------+--------+--------+-----+--------+
         Total |     97 |     97 |      0 |      0 |      0 |   1 |   97.0 |
       Dungeon |     97 |     97 |      0 |      0 |      0 |   1 |   97.0 |
               +--------+--------+--------+--------+--------+-----+--------+

Top non-repeatable levels by time:
       D: 97 daAuts
